[Event "Sheffield Masters 2024"]
[White "O`Gorman,Tom"]
[Black "Chow,Samuel"]
[Site "Sheffield"]
[Round "1"]
[Annotator "ChessBase"]
[Result "1/2-1/2"]
[Date "2024.04.10"]
[WhiteElo "2321"]
[BlackElo "2350"]
[PlyCount "297"]
[TimeControl "5400+30"]

1. e4 e6 2. d4 d5 3. Nc3 Nf6 4. e5 Nfd7 5. f4 c5 6. Nf3 Nc6 7. Be3 a6 8. Qd2 b5 9. Bd3 Qa5 10. O-O b4 11. Nd1 cxd4 12. Nxd4 Nxd4 13. Bxd4 Bc5 14. Bxc5 Qxc5+ 15. Kh1 O-O 16. a3 bxa3 17. Rxa3 f6 18. exf6 Nxf6 19. Ne3 Bb7 20. Qe2 Qd6 21. Ng4 Nxg4 22. Qxg4 Rf6 23. Qh5 h6 24. Qe5 Qxe5 25. fxe5 Rxf1+ 26. Bxf1 d4 27. Bd3 Rc8 28. Ra4 Rc5 29. Rxd4 Rxe5 30. Kg1 Rd5 31. Rb4 Rd7 32. Rb6 Kf7 33. b4 Kf6 34. Kf2 Ke5 35. Ke3 Bxg2 36. Rxa6 Rf7 37. Ra5+ Kd6 38. c4 Rf3+ 39. Kd2 Rh3 40. Ra7 g5 41. c5+ Ke5 42. Be2 Rxh2 43. Ke3 Rh3+ 44. Kf2 Bd5 45. b5 Rc3 46. c6 Rc2 47. c7 Kd6 48. b6 e5 49. Ke3 Be6 50. Ra8 Rc3+ 51. Kd2 Rb3 52. Rd8+ Kc6 53. c8=Q+ Bxc8 54. Rxc8+ Kb7 55. Re8 Rxb6 56. Rxe5 Rf6 57. Ke3 Kc7 58. Kd4 Kd6 59. Rd5+ Ke7 60. Ra5 Kd6 61. Bh5 Rf4+ 62. Ke3 Rf6 63. Bg4 Rf4 64. Be2 Rf6 65. Bd3 Ke7 66. Bf5 Rb6 67. Kf3 Kf6 68. Bc2 Rc6 69. Bd3 Rd6 70. Be4 Rb6 71. Rd5 Rb3+ 72. Bd3 Rb6 73. Rf5+ Kg7 74. Rc5 Kf6 75. Kg4 Rb4+ 76. Bc4 Rb2 77. Rc6+ Kg7 78. Bd3 Rb3 79. Rg6+ Kf7 80. Rd6 Ke7 81. Rd4 Rb6 82. Kh5 Kf6 83. Bg6 Rb2 84. Kxh6 Rg2 85. Ra4 Rg1 86. Be4 Rg4 87. Ra6+ Ke5 88. Bb7 Rg1 89. Kh5 Kf5 90. Bc8+ Kf4 91. Ra4+ Ke5 92. Bg4 Rg2 93. Ra8 Kf4 94. Rf8+ Ke5 95. Kxg5 Rg1 96. Re8+ Kd6 97. Kf4 Rf1+ 98. Bf3 Kc5 99. Rd8 Kc4 100. Ke3 Re1+ 101. Kd2 Rg1 102. Be4 Rg3 103. Bd3+ Kc5 104. Kc3 Rh3 105. Rg8 Rh5 106. Ra8 Rh3 107. Ra5+ Kb6 108. Re5 Kc6 109. Kd4 Kd6 110. Ra5 Ke7 111. Be4 Rh2 112. Ke5 Re2 113. Ra7+ Ke8 114. Kd5 Kf8 115. Bf5 Re7 116. Ra1 Re2 117. Be4 Ke7 118. Ke5 Ke8 119. Ra6 Re1 120. Ra7 Re2 121. Kf5 Kd8 122. Bd5 Re7 123. Ra4 Re1 124. Be6 Ke7 125. Ra7+ Kd6 126. Bc4 Rc1 127. Bd3 Rc5+ 128. Kf4 Rc1 129. Ke4 Re1+ 130. Kd4 Ke6 131. Ra6+ Ke7 132. Bc4 Rd1+ 133. Kc5 Rc1 134. Re6+ Kd7 135. Rf6 Ke7 136. Rf7+ Ke8 137. Ra7 Kf8 138. Rc7 Rb1 139. Kd6 Rb6+ 140. Ke5 Rg6 141. Rf7+ Kg8 142. Bd5 Rg7 143. Rf1+ Kh7 144. Bf7 Rg2 145. Kf6 Rg7 146. Ke5 Kh6 147. Kf6 Rg6+ 148. Ke5 Rg7 149. Kf6 1/2-1/2

[Event "Sheffield Masters 2024"]
[White "Dunnington,Angus J"]
[Black "Nagy,Gabor"]
[Site "Sheffield"]
[Round "1"]
[Annotator "TA"]
[Result "0-1"]
[Date "2024.04.10"]
[WhiteElo "2317"]
[BlackElo "2436"]
[PlyCount "88"]
[TimeControl "5400+30"]

1. Nf3 c5 2. c4 Nc6 3. Nc3 Nf6 4. g3 d6 5. Bg2 g6 6. O-O Bg7 7. d4 cxd4 8. Nxd4 Bd7 9. Nc2 Qc8 10. Ne3 Bh3 11. Ncd5 Bxg2 {[%emt 0:3:1] The position is equal.} 12. Nxf6+ Bxf6 13. Kxg2 Rb8 14. Nd5 Bg7 15. e4 e6 16. Ne3 Qc7 ({Black should try} 16... O-O $15 )17. Rb1 $11 O-O 18. b3 Qa5 19. a4 Rfd8 20. Bb2 Bxb2 21. Rxb2 Qe5 22. Qb1 a6 23. f4 Qc3 24. Nd1 Qg7 25. Nf2 b5 26. cxb5 axb5 27. Rc1 Nd4 28. a5 b4 29. Rd2 e5 $1 30. Rc4 Ra8 31. Rxb4 Rxa5 32. Qd1 h5 33. Rbxd4 (33. Nd3 $11 {keeps the balance.} )exd4 $17 34. Rxd4 Rc8 (34... Qf6 $17 35. e5 Qe7 (35... dxe5 $2 {perishes.} 36. Rxd8+ Kg7 37. fxe5 $18 ))35. Rxd6 {[%emt 0:0:15] [#] Rd8+ would now be deadly.} Ra2 36. Rd8+ Rxd8 37. Qxd8+ {[%emt 0:0:1][%mdl 4096] Endgame. KQR-KQN} Qf8 38. Qd4 (38. Qxf8+ Kxf8 39. Kf3 Rb2 )Qb8 39. f5 gxf5 {[%emt 0:0:54] Black is more active.} (39... Qxb3 40. fxg6 fxg6 41. Qd8+ Kg7 42. Qd4+ Kh7 43. Qd7+ Kh6 44. Qd4 )40. exf5 (40. Qd5 $17 )Qxb3 41. Kh3 (41. Qf4 $17 {keeps fighting.} )Qf3 $19 42. Qd8+ Kh7 43. Qf6 Ra7 ({Not} 43... Rxf2 44. Qxf7+ Kh8 45. Qf8+ Kh7 46. Qf7+ Kh8 47. Qf8+ Kh7 48. Qf7+ $11 )44. Qd4 Qxf5+ {[%emt 0:1:9] Weighted Error Value: White=0.22 (precise) /Black=0.14 (very precise) .  Mistake:       	White=3     	Black=2      Inaccurate:     	White=5     	Black=1      OK:         	White=12    	Black=14     Best:        	White=1     	Black=4      Strong:       	---       	Black=1} 0-1

[Event "Sheffield Masters 2024"]
[White "Kanyamarala,Trisha"]
[Black "Pal,Rohan"]
[Site "Sheffield"]
[Round "1"]
[Annotator "RC"]
[Result "1-0"]
[Date "2024.04.10"]
[WhiteElo "2285"]
[BlackElo "2142"]
[PlyCount "69"]
[TimeControl "5400+30"]

1. d4 d5 2. c4 e6 3. Nf3 Nf6 4. Nc3 Be7 5. cxd5 exd5 6. Bf4 c6 7. h3 O-O 8. e3 Re8 9. Bd3 Nbd7 10. O-O Nf8 11. Bh2 Ng6 12. Ne5 Bd6 13. f4 Qe7 14. Qc2 b5 15. Nxc6 Qxe3+ 16. Kh1 Bb7 17. Rf3 Qe6 18. f5 Qd7 19. fxg6 Bxh2 20. gxf7+ Qxf7 21. Bxh7+ Kh8 22. Kxh2 Bxc6 23. Bg6 Qc7+ 24. Kh1 Re7 25. Qf2 b4 26. Ne2 Kg8 27. Nf4 Qd6 28. Qh4 Be8 29. Raf1 Bb5 30. Rc1 Rd8 31. Bf5 Rde8 32. Ng6 Re2 33. Ne5 Qe7 34. Bg6 Rf8 35. Bh7+ 1-0

[Event "Sheffield Masters 2024"]
[White "Pein,Jonathan"]
[Black "Gourlay,Iain"]
[Site "Sheffield"]
[Round "1"]
[Annotator "RC"]
[Result "1/2-1/2"]
[Date "2024.04.10"]
[WhiteElo "2247"]
[BlackElo "2307"]
[PlyCount "98"]
[TimeControl "5400+30"]

1. e4 c6 2. d4 d5 3. Nc3 dxe4 4. Nxe4 Nf6 5. Nxf6+ exf6 6. c3 Bd6 7. Bd3 O-O 8. Qc2 Re8+ 9. Ne2 h5 10. O-O h4 11. Nf4 Nd7 12. Qd1 Nf8 13. Qh5 f5 14. Nh3 Qc7 15. Qxh4 Bxh2+ 16. Kh1 Bd6 17. Ng5 g6 18. g4 fxg4 19. Kg2 Qd8 20. Rh1 Qf6 21. Bd2 Be6 22. c4 b5 23. b3 bxc4 24. bxc4 c5 25. Qh6 cxd4 26. Ne4 Qf3+ 27. Kg1 Be5 28. Qg5 f5 29. Nf6+ Kf7 30. Nxe8 Rxe8 31. Bf1 g3 32. fxg3 Bxg3 33. Rh8 Bd7 34. Bg2 Qf2+ 35. Kh1 Re2 36. Rxf8+ Kxf8 37. Qf6+ Ke8 38. Qxg6+ Kd8 39. Ba5+ Bc7 40. Qf6+ Ke8 41. Qh8+ Ke7 42. Bb4+ Bd6 43. Qg7+ Kd8 44. Bxd6 Qh4+ 45. Kg1 Qf2+ 46. Kh1 Qh4+ 47. Bh2 Re1+ 48. Rxe1 Qxe1+ 49. Bg1 Qh4+ 1/2-1/2

[Event "Sheffield Masters 2024"]
[White "Wall,Tim P"]
[Black "Ledger,Andrew J"]
[Site "Sheffield"]
[Round "1"]
[Annotator "RC"]
[Result "0-1"]
[Date "2024.04.10"]
[WhiteElo "2197"]
[BlackElo "2336"]
[PlyCount "64"]
[TimeControl "5400+30"]

1. e4 c6 2. d4 d5 3. e5 Bf5 4. h4 a6 5. h5 c5 6. dxc5 Nc6 7. Bd3 Bxd3 8. cxd3 Nxe5 9. d4 Nc6 10. Nf3 e6 11. Nc3 b6 12. cxb6 Qxb6 13. O-O Bd6 14. h6 gxh6 15. Re1 Nge7 16. Bxh6 Rg8 17. Rc1 Rg6 18. Qd2 Rg4 19. Be3 Kf8 20. Ne5 Bxe5 21. dxe5 Qb7 22. Qe2 Rg6 23. Qh5 Kg8 24. Bg5 Nf5 25. Na4 Ng7 26. Qh4 Nf5 27. Qf4 h6 28. Bf6 Kh7 29. Nc5 Qb6 30. g3 Rag8 31. Kh2 Ncd4 32. Na4 Qa5 0-1

[Event "Sheffield Masters 2024"]
[White "Nagy,Gabor"]
[Black "Chow,Samuel"]
[Site "Sheffield"]
[Round "2.1"]
[Annotator "TA"]
[Result "1/2-1/2"]
[Date "2024.04.11"]
[WhiteElo "2436"]
[BlackElo "2350"]
[PlyCount "53"]
[TimeControl "5400+30"]

1. c4 c5 2. Nf3 Nf6 3. Nc3 Nc6 4. d4 cxd4 5. Nxd4 e6 6. a3 Bc5 7. Nb3 Bb6 8. c5 Bc7 9. g3 O-O 10. Bg2 b6 11. O-O Be5 12. a4 bxc5 13. Nxc5 d5 14. Nd3 Bxc3 15. bxc3 Ba6 {[%emt 0:0:39] Against c4} 16. Ba3 Re8 17. Nc5 Qa5 18. Re1 Rab8 19. e4 {[%emt 0:3:59] The position is equal.} Nxe4 20. Nxe4 dxe4 21. Bxe4 Rbc8 22. Qf3 (22. Qd6 $5 Bb7 23. Qf4 $11 )Ne5 23. Bxh7+ Kxh7 24. Qh5+ Kg8 {[%emt 0:0:3][%cal Yf7f5] [#] aiming for ...f5!} 25. Qxe5 Qxc3 26. Qxc3 Rxc3 27. Rec1 {[%emt 0:0:4] Not much happened in this game.   Weighted Error Value: White=0.08 (flawless) /Black=0.05 (flawless) .  Inaccurate:     	White=1     	Black=1      OK:         	White=6     	Black=8      Best:        	---       	Black=1} 1/2-1/2

[Event "Sheffield Masters 2024"]
[White "Gourlay,Iain"]
[Black "O`Gorman,Tom"]
[Site "Sheffield"]
[Round "2.2"]
[Annotator "RC"]
[Result "1/2-1/2"]
[Date "2024.04.11"]
[WhiteElo "2307"]
[BlackElo "2321"]
[PlyCount "61"]
[TimeControl "5400+30"]

1. Nf3 d5 2. g3 Nf6 3. Bg2 c5 4. O-O Nc6 5. d4 e6 6. c4 dxc4 7. dxc5 Qxd1 8. Rxd1 Bxc5 9. Nbd2 c3 10. bxc3 Bd7 11. Nb3 Be7 12. Nfd4 Nxd4 13. cxd4 Nd5 14. Bd2 O-O 15. e4 Nf6 16. d5 exd5 17. exd5 Ba3 18. Na5 Bf5 19. Nc4 Bc5 20. Be3 Bxe3 21. Nxe3 Bd7 22. d6 Rab8 23. Rac1 Be6 24. Rc7 Rfd8 25. Bxb7 a5 26. Bf3 Bxa2 27. Nf5 Rb1 28. Rxb1 Bxb1 29. Ne7+ Kf8 30. Nc6 Rxd6 31. Nxa5 1/2-1/2

[Event "Sheffield Masters 2024"]
[White "Ledger,Andrew J"]
[Black "Pein,Jonathan"]
[Site "Sheffield"]
[Round "2.3"]
[Annotator "RC"]
[Result "0-1"]
[Date "2024.04.11"]
[WhiteElo "2336"]
[BlackElo "2247"]
[PlyCount "66"]
[TimeControl "5400+30"]

1. d4 Nf6 2. c4 e6 3. Nc3 d5 4. cxd5 exd5 5. Bg5 Be7 6. e3 c6 7. Bd3 Nbd7 8. Nf3 Nh5 9. Bxe7 Qxe7 10. O-O O-O 11. Qc2 g6 12. Rab1 Nb6 13. b4 a6 14. Rfe1 Ng7 15. e4 dxe4 16. Nxe4 Nd5 17. Qd2 Nf5 18. Nc3 Qd6 19. Nxd5 Qxd5 20. Re5 Qd6 21. Qf4 Ng7 22. Qh6 f6 23. Bc4+ Be6 24. Rxe6 Nxe6 25. Re1 Rae8 26. Qh3 Qxb4 27. Bb3 f5 28. Rxe6 Rxe6 29. Bxe6+ Kg7 30. Bb3 Qc3 31. Kh1 Qa1+ 32. Ng1 Re8 33. Qg3 Qxg1+ 0-1

[Event "Sheffield Masters 2024"]
[White "Pal,Rohan"]
[Black "Wall,Tim P"]
[Site "Sheffield"]
[Round "2.4"]
[Annotator "RC"]
[Result "1-0"]
[Date "2024.04.11"]
[WhiteElo "2142"]
[BlackElo "2197"]
[PlyCount "69"]
[TimeControl "5400+30"]

1. e4 c5 2. Be2 d5 3. d3 e5 4. Bg4 Bxg4 5. Qxg4 Nf6 6. Qe2 Nc6 7. Nf3 d4 8. Nbd2 Bd6 9. O-O Nd7 10. c3 Nf8 11. Nc4 Bc7 12. a4 Ne6 13. Bd2 a6 14. cxd4 cxd4 15. b4 b5 16. axb5 axb5 17. Na5 Nxa5 18. bxa5 O-O 19. Bb4 Nf4 20. Qd2 Re8 21. Kh1 Ra6 22. g3 Ne6 23. Rfc1 Qa8 24. Ng5 Bd8 25. Nxe6 Rexe6 26. Rc5 Qb7 27. Rac1 Re8 28. Qa2 Qd7 29. Kg2 h5 30. h4 Qg4 31. f3 Qd7 32. Rd5 Qe6 33. Qd2 Qg6 34. Rc8 Qf6 35. Qg5 1-0

[Event "Sheffield Masters 2024"]
[White "Dunnington,Angus J"]
[Black "Kanyamarala,Trisha"]
[Site "Sheffield"]
[Round "2.5"]
[Annotator "RC"]
[Result "1/2-1/2"]
[Date "2024.04.11"]
[WhiteElo "2317"]
[BlackElo "2285"]
[PlyCount "37"]
[TimeControl "5400+30"]

1. Nf3 d5 2. g3 Nd7 3. d4 Nb6 4. Nbd2 Bf5 5. Nh4 Bg4 6. h3 Bh5 7. Ng2 Nf6 8. Nf4 Bg6 9. Nxg6 hxg6 10. Bg2 e6 11. e4 dxe4 12. Nxe4 Nxe4 13. Bxe4 c6 14. c3 Be7 15. Qb3 Bg5 16. f4 Be7 17. h4 Qc7 18. Be3 O-O-O 19. O-O-O 1/2-1/2

[Event "Sheffield Masters 2024"]
[White "Kanyamarala,Trisha"]
[Black "Nagy,Gabor"]
[Site "Sheffield"]
[Round "3.1"]
[Annotator "TA"]
[Result "1-0"]
[Date "2024.04.11"]
[WhiteElo "2285"]
[BlackElo "2436"]
[PlyCount "83"]
[TimeControl "5400+30"]

1. d4 Nf6 2. c4 e6 3. Nf3 b6 4. g3 Bb7 5. Bg2 Bb4+ 6. Bd2 Bxd2+ 7. Qxd2 d6 8. Nc3 Qe7 9. O-O O-O 10. Rfe1 c5 (10... Ne4 $14 11. Qc2 f5 )11. e4 cxd4 12. Nxd4 Rd8 {[%emt 0:0:11] White is slightly better.} 13. Rad1 {[%emt 0:2:42] aiming for e5.} a6 $2 ({Black should try} 13... Ne8 $14 )14. e5 $1 $18 Ne8 {[%emt 0:1:53] White must now prevent ...Bxg2.} (14... dxe5 $2 15. Nf5 Rxd2 16. Nxe7+ Kf8 17. Bxb7 $18 (17. Rxd2 Bxg2 18. Kxg2 Kxe7 $18 ))15. exd6 $1 Qd7 16. Ne4 (16. Bxb7 Qxb7 17. Ne4 Nd7 $18 )(16. Nxe6 $142 fxe6 17. Bh3 (17. Bxb7 Qxb7 18. Rxe6 Qf3 $16 ))Bxe4 17. Bxe4 Ra7 {[%emt 0:0:7] Black is weak on the light squares} 18. Qc2 g6 (18... Qc8 $16 )19. b4 Nxd6 20. c5 bxc5 21. bxc5 (21. Qxc5 Nxe4 22. Rxe4 Rc7 $11 )Rc7 22. Nb3 Qe8 23. Qd2 ({Not} 23. Rxd6 Rxd6 24. Rb1 Qf8 $17 )Nb7 24. Qb4 Nc6 25. Rxd8 $1 Nbxd8 26. Qb6 Qd7 27. Bf3 Qc8 28. Rd1 Kg7 29. Be2 Nb8 30. Na5 $36 {[%emt 0:6:45][%cal Yb3a5,Ya5c4,Yc4e5,Ye5g4,Yg4f6,Yf6e8,Ye8d6,Yd6f7][%mdl 2080] Strongly threatening Nc4. White has strong initiative. White is much more active. The black rooks are passive.} Ndc6 (30... Nb7 $142 )31. Qb2+ (31. Nxc6 $142 Rxc6 32. Rd8 Rxb6 33. Rxc8 )e5 $16 {[%emt 0:0:38] [#]} 32. Nc4 Nd4 33. Nxe5 Nxe2+ 34. Qxe2 {[%emt 0:0:5] Ng4 is the strong threat.} Rxc5 $2 {[%emt 0:0:8][%mdl 8192] [#]} (34... Re7 $16 {is a better chance.} )35. Ng4 $1 $18 {[%emt 0:2:2] Qb2+ would now be deadly.} h5 $2 (35... Rf5 36. Qb2+ f6 )36. Qb2+ Kh7 37. Nf6+ Kh6 38. Qd2+ Kg7 39. Qd4 Kh6 (39... Rc1 $142 40. Kg2 (40. Nxh5+ Kf8 $18 )Qc6+ (40... Rxd1 $2 41. Nxh5+ Kh6 42. Qg7+ Kxh5 43. Qh7+ Kg5 44. Qh4+ Kf5 45. Qh3+ Ke5 46. Qxc8 $18 )41. Nd5+ Kh7 42. Rxc1 Qxc1 )40. Ne8 Qf5 (40... Qxe8 $18 41. Qxc5 h4 )41. Nd6 Qf3 42. Nxf7+ {[%emt 0:1:0] Weighted Error Value: White=0.36/Black=0.58.  Loses game:     	---       	Black=2      Mistake:       	White=2     	Black=4      Inaccurate:     	White=3     	Black=1      OK:         	White=7     	Black=16     Best:        	White=1     	Black=2      Strong:       	White=4     	---} 1-0

[Event "Sheffield Masters 2024"]
[White "Pein,Jonathan"]
[Black "Pal,Rohan"]
[Site "Sheffield"]
[Round "3.3"]
[Annotator "RC"]
[Result "1-0"]
[Date "2024.04.11"]
[WhiteElo "2247"]
[BlackElo "2142"]
[PlyCount "67"]
[TimeControl "5400+30"]

1. e4 c5 2. Nf3 e6 3. d4 cxd4 4. Nxd4 Nc6 5. Nc3 Qc7 6. a3 Nf6 7. Be3 a6 8. Be2 Be7 9. O-O O-O 10. f4 d5 11. e5 Nd7 12. Rf3 b5 13. Bd3 h6 14. Rg3 Kh8 15. Nxc6 Qxc6 16. Qg4 Rg8 17. Qh5 f5 18. Rg6 Bf8 19. Qxf5 exf5 20. Rxc6 g6 21. Bd4 Bg7 22. Rxg6 Nf8 23. Rd6 Ne6 24. Ne2 Bf8 25. Bc3 d4 26. Nxd4 Nxf4 27. Nxf5 Bxf5 28. e6+ Bg7 29. Bxg7+ Rxg7 30. Bxf5 Rf8 31. e7 Rxe7 32. Rxh6+ Kg8 33. Bg4 Rg7 34. Be6+ 1-0

[Event "Sheffield Masters 2024"]
[White "O`Gorman,Tom"]
[Black "Ledger,Andrew J"]
[Site "Sheffield"]
[Round "3.4"]
[Annotator "RC"]
[Result "1/2-1/2"]
[Date "2024.04.11"]
[WhiteElo "2321"]
[BlackElo "2336"]
[PlyCount "136"]
[TimeControl "5400+30"]

1. e4 c6 2. d4 d5 3. e5 Bf5 4. Nf3 e6 5. Be2 Ne7 6. O-O Nd7 7. Nbd2 h6 8. Nb3 Qc7 9. Bd2 a5 10. a4 Bh7 11. Rc1 Qb6 12. Bc3 Ng6 13. Bd3 Bb4 14. Bxb4 Qxb4 15. c3 Qe7 16. Ne1 O-O 17. f4 Nh4 18. Bxh7+ Kxh7 19. g3 Ng6 20. Ng2 f6 21. Qd3 f5 22. Ne3 Qf7 23. c4 dxc4 24. Nxc4 Qe7 25. Nd6 Nb6 26. Qd2 Nc8 27. Nxc8 Rfxc8 28. Nxa5 Rd8 29. Qc3 Qd7 30. Rfd1 Ne7 31. Nc4 Rxa4 32. Qb3 Ra6 33. Nb6 Qc7 34. Na4 b6 35. Nc3 Qd7 36. Qc4 b5 37. Qb3 Kg8 38. Rc2 Kf7 39. Ne2 Rda8 40. Rcc1 Qd5 41. Qxd5 Nxd5 42. Kf2 Ke7 43. Nc3 Nxc3 44. Rxc3 Kd7 45. g4 Ra2 46. Rd2 fxg4 47. Rg3 Ke7 48. Rxg4 Kf7 49. Ke3 g6 50. Rg1 Ra1 51. Rg3 Re1+ 52. Kf2 Raa1 53. Rc3 Rec1 54. Rdc2 Rxc2+ 55. Rxc2 Ra6 56. Kf3 Ra4 57. Ke3 Rb4 58. h4 h5 59. Rd2 Rb3+ 60. Ke4 Rh3 61. Rc2 Rxh4 62. Ke3 Rh3+ 63. Ke4 Rb3 64. Rxc6 Rxb2 65. Rc7+ Kf8 66. Rc8+ Kf7 67. Rc7+ Kf8 68. Rc8+ Kf7 1/2-1/2

[Event "Sheffield Masters 2024"]
[White "Chow,Samuel"]
[Black "Gourlay,Iain"]
[Site "Sheffield"]
[Round "3.5"]
[Annotator "RC"]
[Result "1/2-1/2"]
[Date "2024.04.11"]
[WhiteElo "2350"]
[BlackElo "2307"]
[PlyCount "82"]
[TimeControl "5400+30"]

1. d4 d5 2. c4 e6 3. Nf3 Nf6 4. Nc3 Be7 5. Bf4 O-O 6. e3 c5 7. dxc5 Bxc5 8. a3 Nc6 9. Qc2 Qa5 10. Rd1 Be7 11. Be2 Ne4 12. cxd5 Nxc3 13. bxc3 exd5 14. O-O h6 15. c4 Be6 16. cxd5 Bxd5 17. Bc7 Qxc7 18. Rxd5 Bxa3 19. Nd4 Bd6 20. Rc1 Nxd4 21. Rxd4 Bxh2+ 22. Kf1 Qxc2 23. Rxc2 Be5 24. Rd7 a5 25. f4 Bb8 26. Rxb7 Ra7 27. Rcb2 Rxb7 28. Rxb7 Rc8 29. Bd1 Bd6 30. Ke2 Rc7 31. Rb6 Bc5 32. Rb5 Bb4 33. Bb3 g6 34. g4 Kg7 35. e4 Ra7 36. e5 h5 37. gxh5 gxh5 38. e6 fxe6 39. Rxh5 Ra6 40. f5 exf5 41. Rxf5 a4 1/2-1/2

[Event "Sheffield Masters 2024"]
[White "Nagy,Gabor"]
[Black "Gourlay,Iain"]
[Site "Sheffield"]
[Round "4.1"]
[Annotator "TA"]
[Result "1/2-1/2"]
[Date "2024.04.12"]
[WhiteElo "2436"]
[BlackElo "2307"]
[PlyCount "45"]
[TimeControl "5400+30"]

1. e4 c6 2. d4 d5 3. exd5 cxd5 4. Bd3 Nc6 5. c3 Nf6 6. h3 e5 7. dxe5 Nxe5 8. Nf3 Nxd3+ 9. Qxd3 Bd6 10. O-O O-O 11. Bg5 h6 12. Bh4 {[%emt 0:1:17] The position is equal.} Re8 13. Nbd2 Bd7 14. Nd4 Bf4 15. N2b3 Qb6 16. Bxf6 Qxf6 17. Nc5 {[%emt 0:0:15][%csl Yb7,Yd7] Excellent horsemanship.} Bc6 18. Qf3 Be5 19. Qxf6 Bxf6 20. Rfd1 a5 21. Nxc6 bxc6 22. Kf1 Rab8 23. Nd3 {[%emt 0:0:2] Not much happened in this game.   Weighted Error Value: White=0.03 (flawless) /Black=0.02 (flawless) .  OK:         	White=7     	Black=7} 1/2-1/2

[Event "Sheffield Masters 2024"]
[White "Ledger,Andrew J"]
[Black "Chow,Samuel"]
[Site "Sheffield"]
[Round "4.2"]
[Annotator "RC"]
[Result "1/2-1/2"]
[Date "2024.04.12"]
[WhiteElo "2336"]
[BlackElo "2350"]
[PlyCount "37"]
[TimeControl "5400+30"]

1. Nf3 Nf6 2. c4 c5 3. g3 Nc6 4. Bg2 d5 5. cxd5 Nxd5 6. O-O e5 7. Nc3 Nc7 8. d3 Be7 9. Nd2 Bd7 10. Nc4 f6 11. f4 b5 12. Ne3 Rb8 13. Ned5 O-O 14. Be3 Nxd5 15. Nxd5 Bd6 16. Rc1 Nd4 17. fxe5 fxe5 18. Nc3 Be7 19. Rxf8+ 1/2-1/2

[Event "Sheffield Masters 2024"]
[White "Pal,Rohan"]
[Black "O`Gorman,Tom"]
[Site "Sheffield"]
[Round "4.3"]
[Annotator "RC"]
[Result "0-1"]
[Date "2024.04.12"]
[WhiteElo "2142"]
[BlackElo "2321"]
[PlyCount "88"]
[TimeControl "5400+30"]

1. c4 e6 2. g3 d5 3. Bg2 d4 4. Nf3 c5 5. d3 Nc6 6. e3 Nf6 7. exd4 cxd4 8. O-O Bd6 9. Bg5 h6 10. Bxf6 Qxf6 11. Nbd2 Qe7 12. Ne4 Bc7 13. a3 a5 14. b4 axb4 15. axb4 Rxa1 16. Qxa1 f5 17. Ned2 Nxb4 18. Qxd4 O-O 19. Qc3 e5 20. Re1 Nc6 21. d4 e4 22. d5 Ba5 23. Qc2 Nb4 24. Qa4 Bb6 25. Nb3 Nd3 26. Re2 Bd7 27. Qa2 Qb4 28. Nfd2 Be8 29. c5 Nxc5 30. Nxc5 Bxc5 31. Nf1 Bf7 32. Ne3 Bxe3 33. Rxe3 Rd8 34. Qc2 Rxd5 35. h4 b5 36. g4 Qd6 37. Re1 Rc5 38. Qb2 fxg4 39. Qa1 g3 40. fxg3 Qxg3 41. Kh1 Qxh4+ 42. Kg1 Qg3 43. Rxe4 Rc2 44. Qf1 Rxg2+ 0-1

[Event "Sheffield Masters 2024"]
[White "Dunnington,Angus J"]
[Black "Pein,Jonathan"]
[Site "Sheffield"]
[Round "4.4"]
[Annotator "RC"]
[Result "1/2-1/2"]
[Date "2024.04.12"]
[WhiteElo "2317"]
[BlackElo "2247"]
[PlyCount "28"]
[TimeControl "5400+30"]

1. Nf3 Nf6 2. g3 b6 3. Bg2 Bb7 4. O-O g6 5. b3 Bg7 6. Bb2 O-O 7. c4 c5 8. d4 cxd4 9. Qxd4 d6 10. Nc3 Nbd7 11. Qd2 Rc8 12. Rfd1 Nc5 13. Rac1 Nfe4 14. Nxe4 Nxe4 1/2-1/2

[Event "Sheffield Masters 2024"]
[White "Kanyamarala,Trisha"]
[Black "Wall,Tim P"]
[Site "Sheffield"]
[Round "4.5"]
[Annotator "RC"]
[Result "0-1"]
[Date "2024.04.12"]
[WhiteElo "2285"]
[BlackElo "2197"]
[PlyCount "90"]
[TimeControl "5400+30"]

1. d4 g6 2. c4 Bg7 3. Nf3 c5 4. d5 f5 5. g3 Nf6 6. Nc3 d6 7. Bg2 O-O 8. O-O Na6 9. Rb1 h6 10. a3 Qe8 11. e4 fxe4 12. Nd2 e3 13. fxe3 g5 14. Nde4 Ng4 15. Nf2 Ne5 16. Qe2 g4 17. Nd3 Rxf1+ 18. Qxf1 Nxc4 19. Nxc5 Nxc5 20. Qxc4 Qg6 21. e4 Bd7 22. Be3 Rc8 23. Ne2 b5 24. Qb4 Nd3 25. Qd2 Ne5 26. Nf4 Qh7 27. Qe2 a5 28. Rc1 Nc4 29. b3 Nxa3 30. Rxc8+ Bxc8 31. Qa2 b4 32. Bb6 Bc3 33. Bxa5 e5 34. dxe6 Qa7+ 35. Kh1 Qxa5 36. Qe2 Qg5 37. Qd3 Qe5 38. Qd1 Bxe6 39. Qf1 Bf7 40. Qa6 h5 41. Qa8+ Kg7 42. h3 h4 43. hxg4 hxg3 44. Nd3 Qg5 45. Qb7 Bd4 0-1

[Event "Sheffield Masters 2024"]
[White "Wall,Tim P"]
[Black "Nagy,Gabor"]
[Site "Sheffield"]
[Round "5.1"]
[Annotator "TA"]
[Result "0-1"]
[Date "2024.04.12"]
[WhiteElo "2197"]
[BlackElo "2436"]
[PlyCount "56"]
[TimeControl "5400+30"]

1. d4 Nf6 2. Bg5 c5 3. d5 d6 4. Nc3 g6 5. e4 Bg7 6. Bb5+ Nbd7 7. a4 O-O 8. Nf3 {[%emt 0:0:32] White is slightly better.} h6 9. Bf4 Ng4 10. Qd2 {[%emt 0:5:16] h3 is the strong threat.} Kh7 11. O-O a6 12. Be2 Qb6 13. Rfb1 Nge5 14. Ne1 Qa5 15. Qc1 g5 16. Bd2 Qc7 17. a5 Rb8 18. Na4 f5 19. exf5 Nf6 20. Nb6 Bxf5 21. Qd1 ({White should play} 21. Nf3 $11 )Rbe8 (21... e6 $15 22. dxe6 Bxe6 )22. h3 e6 23. Be3 {[%emt 0:0:39] [#]} (23. dxe6 $1 $15 d5 (23... Rxe6 24. Bc3 $11 )(23... Bxe6 24. Nf3 $15 )24. Nd3 )g4 $1 $17 {[%emt 0:1:48] Black is more active.} 24. hxg4 Nfxg4 25. Ra3 (25. Ra4 $17 Nxe3 26. fxe3 )Qf7 $19 26. Qd2 {[%emt 0:7:32] [#]} Bg6 (26... Be4 $1 $19 27. f3 Nxe3 (27... Bxd5 $2 {too greedy.} 28. fxg4 Be4 29. Nd3 $18 )28. dxe6 Rxe6 (28... Nxf3+ 29. Nxf3 Rxe6 30. Rxe3 $16 )29. Rxe3 Bc6 )27. Bd1 $2 (27. Nf3 $1 $15 )Nxe3 (27... Be4 $19 28. b4 exd5 29. bxc5 Qh5 )28. Rxe3 exd5 {[%emt 0:0:9] Weighted Error Value: White=0.31/Black=0.26 (precise) .  Loses game:     	White=1     	---        Mistake:       	White=3     	Black=3      Inaccurate:     	White=6     	Black=1      OK:         	White=7     	Black=10     Best:        	White=1     	---        Strong:       	---       	Black=1} 0-1

[Event "Sheffield Masters 2024"]
[White "Pein,Jonathan"]
[Black "Kanyamarala,Trisha"]
[Site "Sheffield"]
[Round "5.2"]
[Annotator "RC"]
[Result "1-0"]
[Date "2024.04.12"]
[WhiteElo "2247"]
[BlackElo "2285"]
[PlyCount "87"]
[TimeControl "5400+30"]

1. e4 c5 2. Nf3 d6 3. d4 cxd4 4. Nxd4 Nf6 5. Nc3 Nc6 6. Be3 Ng4 7. Bb5 Nxe3 8. fxe3 Bd7 9. Bxc6 bxc6 10. O-O e6 11. e5 Be7 12. Qh5 O-O 13. exd6 Bxd6 14. Rad1 Qc7 15. Ne4 Be7 16. Ng5 Bxg5 17. Qxg5 c5 18. Nf3 Bb5 19. Rf2 f6 20. Qg4 Rfe8 21. Rfd2 Bc6 22. b3 a5 23. Ne1 a4 24. Nd3 Bb5 25. c4 Ba6 26. Nf4 f5 27. Qg5 h6 28. Qg6 Qf7 29. Rd7 Qxg6 30. Nxg6 axb3 31. axb3 Rab8 32. Rc7 Kh7 33. Nf4 Bc8 34. Ra1 e5 35. Nd5 Kg6 36. Raa7 f4 37. Rxg7+ Kf5 38. e4+ Kxe4 39. Nf6+ Ke3 40. Nxe8 Rxb3 41. Ra1 Bf5 42. Re7 Kd4 43. Re1 e4 44. Nd6 1-0